 Dungeon Crawl Stone Soup version 0.29-a0-418-gc0181ea820 (webtiles) character file.

Game seed: 10768872165829955581

2241 bande the Thaumaturge (level 9, -5/69 HPs)
             Began as a Gnoll Wanderer on May 17, 2022.
             Succumbed to a kobold brigand's curare-tipped dart
             ... on level 7 of the Dungeon.
             The game lasted 00:17:50 (8433 turns).

bande the Thaumaturge (Gnoll Wanderer)              Turns: 8433, Time: 00:17:51

Health: -5/69      AC: 18    Str: 12    XL:     9   Next: 36%
Magic:  7/21       EV:  4    Int: 11    God:
Gold:   94         SH:  0    Dex: 22    Spells: 23/24 levels left

rFire   . . .      SeeInvis .   H - +2 longbow (freeze)
rCold   . . .      Faith    .   (shield currently unavailable)
rNeg    . . .      Spirit   +   k - +0 plate armour
rPois   .          Reflect  .   (no helmet)
rElec   .          Harm     .   y - +0 cloak
rCorr   +          Rampage  .   p - +1 pair of gloves
Will    .....                   o - +2 pair of boots
Stlth   ..........              e - amulet of guardian spirit
HPRegen 0.21/turn               i - ring of resist corrosion
MPRegen 0.17/turn               u - +6 ring of dexterity

@: lethally poisoned (-5 -> -39), slowed, very slow
A: fangs 1, strong nose, distributed training
a: no special abilities


You were on level 7 of the Dungeon.
You visited 1 branch of the dungeon, and saw 7 of its levels.
You also visited: Ossuary.

You collected 315 gold pieces.
You spent 221 gold pieces at shops.

Inventory:

Hand Weapons
 a - a +3 glaive of protection
 g - a +0 flail
 t - a +1 war axe
 A - the +8 hunting sling "Goblinbane" {vorpal, rC++}
   (You found it on level 5 of the Dungeon)

   Any ammunition fired from it inflicts extra damage upon your enemies.
   rC:        It greatly protects you from cold.
 H - a +2 longbow of freezing (weapon)
Armour
 k - a +0 plate armour (worn)
 o - a +2 pair of boots (worn)
 p - a +1 pair of gloves (worn)
 y - a +0 cloak (worn)
 I - the +3 leather armour of Mumblety Peg {rN+ Dex+2}
   (You found it on level 6 of the Dungeon)

   Dex:       It affects your dexterity (+2).
   rN:        It protects you from negative energy.
Jewellery
 d - a ring of flight
 e - an amulet of guardian spirit (around neck)
 i - a ring of resist corrosion (left hand)
 q - a ring of positive energy
 u - a +6 ring of dexterity (right hand)
Wands
 v - a wand of iceblast (15)
 B - a wand of flame (22)
Scrolls
 b - a scroll of fog
 f - a scroll of brand weapon {unknown}
 s - 6 scrolls of teleportation
 w - a scroll of enchant armour
 C - a scroll of magic mapping {unknown}
 E - 3 scrolls of identify
 G - a scroll of acquirement {unknown}
Potions
 c - a potion of berserk rage {unknown}
 h - 5 potions of cancellation
 j - 4 potions of mutation
 l - a potion of degeneration {unknown}
 m - a potion of haste
 n - a potion of ambrosia {unknown}
 r - 5 potions of curing {unknown}
 x - 3 potions of brilliance {unknown}
 z - a potion of might
 D - a potion of flight {unknown}
 F - a potion of heal wounds


   Skills:
 + Level 6.2 Fighting
 + Level 4.1 Short Blades
 + Level 4.1 Long Blades
 + Level 4.1 Axes
 + Level 4.1 Maces & Flails
 + Level 4.1 Polearms
 + Level 4.1 Staves
 + Level 4.1 Slings
 + Level 4.1 Bows
 + Level 6.2 Crossbows
 + Level 5.0 Throwing
 + Level 5.0 Armour
 + Level 4.1 Dodging
 + Level 4.1 Stealth
 + Level 4.1 Shields
 + Level 4.1 Unarmed Combat
 + Level 8.3 Spellcasting
 + Level 3.4 Conjurations
 + Level 3.4 Hexes
 + Level 3.4 Summonings
 + Level 3.4 Necromancy
 + Level 3.4 Translocations
 + Level 3.4 Transmutations
 + Level 3.4 Fire Magic
 + Level 3.4 Ice Magic
 + Level 3.4 Air Magic
 + Level 3.4 Earth Magic
 + Level 3.4 Poison Magic
 + Level 4.6 Invocations
 + Level 5.0 Evocations


You had 23 spell levels left.
You knew the following spells:

 Your Spells              Type           Power      Damage    Failure   Level
a - Sting                 Tmut/Pois      48%        1d5       99%         1

Your spell library contained the following spells:

 Spells                   Type           Power      Damage    Failure   Level
 Pain                     Necr           48%        1d6       99%         1
 Sandblast                Erth           24%        2d8       99%         1
 Passwall                 Tmut/Erth      10%        N/A       100%        2
 Static Discharge         Conj/Air       12%        N/A       100%        2
 Frozen Ramparts          Ice            24%        1d4       100%        3
 Mephitic Cloud           Conj/Pois/Air  12%        N/A       100%        3
 Stone Arrow              Conj/Erth      24%        3d8       100%        3
 Summon Guardian Golem    Hex/Summ       12%        N/A       100%        3
 Dispel Undead            Necr           12%        3d9       100%        4
 Ice Form                 Ice/Tmut       12%        N/A       100%        4
 Leda's Liquefaction      Hex/Erth       6%         N/A       100%        4
 Sticky Flame             Conj/Fire      12%        2d4       100%        4
 Summon Ice Beast         Ice/Summ       12%        N/A       100%        4
 Lee's Rapid Deconstruct  Erth           6%         3d7*      100%        5
 Summon Forest            Summ/Tloc      6%         N/A       100%        5
 Statue Form              Tmut/Erth      8%         N/A       100%        6
 Ozocubu's Refrigeration  Ice            6%         4d6       100%        7
 Infestation              Necr           6%         N/A       100%        8
 Lehudib's Crystal Spear  Conj/Erth      6%         10d3      100%        8


Dungeon Overview and Level Annotations

Branches:
Dungeon (7/15)            Ossuary (visited)
 Temple: D:4-7

Altars:
Ashenzari
Yredelemnul
Zin

Shops:
D:3 (


Innate Abilities, Weirdness & Mutations

You have very sharp teeth.
Your uncanny sense of smell can sniff out nearby items.
Your experience applies equally to all skills.


Message History

You feel as though you will be slow longer.
The kobold throws a stone.
The stone hits you but does no damage.
You shoot an arrow. The kobold shouts!
The arrow hits the kobold.
The arrow freezes the kobold.
You kill the kobold!
You feel extremely sick.
The kobold brigand throws a curare-tipped dart.
The curare-tipped dart hits you.
You are more poisoned.
You have difficulty breathing.
You feel as though you will be slow longer.
The kobold throws a stone.
The stone hits you but does no damage.
The kobold brigand throws a curare-tipped dart.
The curare-tipped dart hits you.
You are lethally poisoned!
You have difficulty breathing.
You feel as though you will be slow longer.
The kobold throws a stone.
The stone hits you but does no damage.
You are too injured to fight recklessly!
You are too injured to fight recklessly!
You are too injured to fight recklessly!
You are too injured to fight recklessly!
Shoot: H) +2 longbow (freeze)
Press: ? - help, Q - select action, (/) - cycle Shift-Dir - straight line, f - kobold brigand
Aim: a kobold brigand, wielding a +0 dagger and quivering curare-tipped darts (lightly wounded, 62% to hit)
You shoot an arrow. The arrow hits the kobold brigand.
The arrow freezes the kobold brigand.
The kobold brigand is moderately wounded.
* * * LOW HITPOINT WARNING * * *
You feel extremely sick.
The kobold brigand throws a curare-tipped dart.
The curare-tipped dart hits you.
You are more poisoned.
You have difficulty breathing.
* * * LOW HITPOINT WARNING * * *
You feel as though you will be slow longer.
The kobold hits you but does no damage. The kobold attacks as you move away!
The kobold hits you but does no damage.
You die...

............#
................##
..).. ...........#
...... #..##....##
...... ##.#...###
.[....###....##
.....).#....##
#KKK##....#
#####.@.....#
##..........##
#..........##
##.........#
####..##### ####


You could see a kobold brigand and 2 kobolds.

Vanquished Creatures
  Sigmund (D:4)
  Menkaure (Ossuary)
  A steam dragon (D:6)
  A water moccasin (D:6)
  A black bear (D:4)
  An ogre (D:5)
  2 phantoms
  Blork the orc (D:6)
  3 scorpions
  2 necrophages
  3 jellies (D:6)
  4 centaur zombies (Ossuary)
  Crazy Yiuf (D:4)
  2 orc priests (D:5)
  4 hounds
  A human zombie (Ossuary)
  Jessica (D:3)
  Terence (D:3)
  3 iguanas
  3 orc wizards (D:5)
  An ogre zombie (Ossuary)
  6 mummies (Ossuary)
  6 gnolls
  8 adders
  A white imp (D:6)
  An ufetubus (D:6)
  3 adder zombies (Ossuary)
  4 worms
  A dart slug (D:3)
  15 orcs
  6 bats
  2 endoplasms
  3 giant cockroaches
  21 hobgoblins
  4 jackals
  4 quokkas
  6 ball pythons
  5 frilled lizards
  5 goblins
  2 goblin zombies (Ossuary)
  4 hobgoblin zombies (Ossuary)
  14 kobolds
  3 kobold zombies (Ossuary)
  An orc zombie (Ossuary)
  5 quokka zombies (Ossuary)
  6 rat zombies (Ossuary)
174 creatures vanquished.

Vanquished Creatures (others)
  4 plants
4 creatures vanquished.

Grand Total: 178 creatures vanquished

Notes
Turn   | Place    | Note
-------+----------+-------------------------------------------
     0 | D:1      | bande the Gnoll Wanderer began the quest for the Orb.
     0 | D:1      | bande set off with the following items: a +3 hand crossbow,
                  | a scroll of fog, a +0 robe; and the following spell
                  | memorised: Sting; and the following spells available to
                  | memorise: Mephitic Cloud
     0 | D:1      | Reached XP level 1. HP: 20/20 MP: 8/8
   213 | D:1      | Reached XP level 2. HP: 14/26 MP: 10/10
   579 | D:1      | Found a faded altar of an unknown god.
  1061 | D:2      | Reached XP level 3. HP: 31/31 MP: 11/11
  1155 | D:2      | Reached skill level 1 in Invocations
  1159 | D:2      | Reached skill level 1 in Short Blades
  1159 | D:2      | Reached skill level 1 in Long Blades
  1159 | D:2      | Reached skill level 1 in Axes
  1159 | D:2      | Reached skill level 1 in Maces & Flails
  1159 | D:2      | Reached skill level 1 in Polearms
  1159 | D:2      | Reached skill level 1 in Staves
  1159 | D:2      | Reached skill level 1 in Slings
  1159 | D:2      | Reached skill level 1 in Bows
  1159 | D:2      | Reached skill level 1 in Dodging
  1159 | D:2      | Reached skill level 1 in Stealth
  1159 | D:2      | Reached skill level 1 in Shields
  1159 | D:2      | Reached skill level 1 in Unarmed Combat
  1172 | D:2      | Reached XP level 4. HP: 37/38 MP: 11/13
  1509 | D:3      | Noticed Jessica
  1514 | D:3      | Killed Jessica
  1515 | D:3      | Reached skill level 1 in Conjurations
  1515 | D:3      | Reached skill level 1 in Hexes
  1515 | D:3      | Reached skill level 1 in Summonings
  1515 | D:3      | Reached skill level 1 in Necromancy
  1515 | D:3      | Reached skill level 1 in Translocations
  1515 | D:3      | Reached skill level 1 in Transmutations
  1515 | D:3      | Reached skill level 1 in Fire Magic
  1515 | D:3      | Reached skill level 1 in Ice Magic
  1515 | D:3      | Reached skill level 1 in Air Magic
  1515 | D:3      | Reached skill level 1 in Earth Magic
  1515 | D:3      | Reached skill level 1 in Poison Magic
  1767 | D:3      | Reached XP level 5. HP: 42/43 MP: 14/14
  1829 | D:3      | Found Paviob's Weapon Shop.
  2161 | D:3      | Noticed Terence
  2191 | D:3      | Killed Terence
  2701 | D:4      | Noticed a black bear
  2719 | D:4      | Killed a black bear
  2720 | D:4      | Reached XP level 6. HP: 11/50 MP: 3/16
  3165 | D:4      | Reached skill level 5 in Fighting
  3165 | D:4      | Reached skill level 5 in Crossbows
  3185 | D:4      | Noticed Sigmund
  3192 | D:4      | Killed Sigmund
  3193 | D:4      | Reached XP level 7. HP: 37/56 MP: 10/18
  3379 | D:4      | Got the Grimoire of Destructive Darkness
  3420 | D:4      | Got the Tome of the Congealing Escort
  4336 | D:4      | Found a runed translucent door.
  4337 | D:4      | Noticed Crazy Yiuf
  4346 | D:4      | Killed Crazy Yiuf
  4576 | D:5      | Entered Level 5 of the Dungeon
  4904 | D:5      | Reached XP level 8. HP: 17/63 MP: 5/19
  5163 | D:5      | Found a broken altar of Ashenzari.
  5180 | D:5      | Identified the +8 hunting sling "Goblinbane" {vorpal, rC++}
  5207 | D:5      | Found a glowing silver altar of Zin.
  6184 | D:6      | Found a sand-covered staircase.
  6192 | Ossuary  | Entered an ossuary
  6296 | Ossuary  | Noticed Menkaure
  6305 | Ossuary  | Killed Menkaure
  6306 | Ossuary  | Reached skill level 8 in Spellcasting
  6989 | D:3      | Bought a +2 longbow of freezing for 221 gold pieces
  7112 | D:6      | Noticed Blork the orc
  7119 | D:6      | Killed Blork the orc
  7120 | D:6      | Reached XP level 9. HP: 32/69 MP: 9/21
  7495 | D:6      | Found a basalt altar of Yredelemnul.
  7525 | D:6      | Identified the +3 leather armour of Mumblety Peg {rN+
                  | Dex+2}
  8026 | D:6      | Reached skill level 5 in Throwing
  8026 | D:6      | Reached skill level 5 in Armour
  8026 | D:6      | Reached skill level 5 in Evocations
  8433 | D:7      | Succumbed to a kobold brigand's curare-tipped dart

Illustrated notes

Levels and vault maps discovered:
D:1:      saegor_arrival_simple_d, layout_basic,
          shapermc_ecumenical_altar_acropolis
D:2:      layout_basic, minmay_misc_feat_columns
D:3:      minmay_spotlight, layout_basic, serial_shops, shop, uniq_jessica,
          uniq_terence
D:4:      corexii_shantytown, layout_loops_cross, uniq_crazy_yiuf_cottage,
          uniq_sigmund
D:5:      layout_basic, minitemple, gup_sewer_entry_bowl
D:6:      layout_cave_pods, lemuel_doored_altar, nicolae_ossuary_entry_ruins,
          feat_on_display, uniq_blork_the_orc
D:7:      layout_cave_pools, minmay_temple_entry_wispy, minmay_liquid_box,
          chequers_garden, uniq_prince_ribbit1

Skill      XL: |  1  2  3  4  5  6  7  8  9 |
---------------+----------------------------+-----
Invocations    | 1 2 3 4 |  4.6
Short Blades   | 1 2 3 4 |  4.1
Long Blades    | 1 2 3 4 |  4.1
Axes           | 1 2 3 4 |  4.1
Maces & Flails | 1 2 3 4 |  4.1
Polearms       | 1 2 3 4 |  4.1
Staves         | 1 2 3 4 |  4.1
Slings         | 1 2 3 4 |  4.1
Bows           | 1 2 3 4 |  4.1
Dodging        | 1 2 3 4 |  4.1
Stealth        | 1 2 3 4 |  4.1
Shields        | 1 2 3 4 |  4.1
Unarmed Combat | 1 2 3 4 |  4.1
Conjurations   | 1 2 3 |  3.4
Hexes          | 1 2 3 |  3.4
Summonings     | 1 2 3 |  3.4
Necromancy     | 1 2 3 |  3.4
Translocations | 1 2 3 |  3.4
Transmutations | 1 2 3 |  3.4
Fire Magic     | 1 2 3 |  3.4
Ice Magic      | 1 2 3 |  3.4
Air Magic      | 1 2 3 |  3.4
Earth Magic    | 1 2 3 |  3.4
Poison Magic   | 1 2 3 |  3.4
Throwing       | 3 4 5 |  5.0
Armour         | 3 4 5 |  5.0
Evocations     | 3 4 5 |  5.0
Fighting       | 5 6 |  6.2
Crossbows      | 5 6 |  6.2
Spellcasting   | 8 |  8.3

Action                   |  1- 3 |  4- 6 |  7- 9 || total
-------------------------+-------+-------+-------++-------
Melee: Hand axe          |       |    17 |       ||    17
       Bite              |       |     1 |     2 ||     3
       War axe           |       |       |    21 ||    21
 Fire: Hand crossbow     |    68 |   133 |   129 ||   330
       Hunting sling     |       |       |   141 ||   141
       Longbow           |       |       |    80 ||    80
  Use: Scroll            |     5 |     4 |     5 ||    14
       Potion            |       |     1 |     2 ||     3
Armor: Robe              |     8 |       |       ||     8
       Plate armour      |       |   139 |   438 ||   577
       Leather armour    |       |     5 |       ||     5
Dodge: Dodged            |    10 |    21 |    95 ||   126

Table legend: (Time is in decaauts)
 A = Elapsed time spent in this place.
 B = Non-inter-level travel time spent in this place.
 C = Inter-level travel time spent in this place.
 D = Time resting spent in this place.
 E = Time spent auto-exploring this place.
 F = Levels seen in this place.
 G = Mean time per level.
                   A        B        C        D        E       F      G
               +--------+--------+--------+--------+--------+-----+--------+
         Total |   9005 |   8675 |    330 |   1716 |   5135 |   8 | 1125.6 |
       Dungeon |   8195 |   7865 |    330 |   1569 |   4768 |   7 | 1170.7 |
       Ossuary |    809 |    809 |      0 |    147 |    367 |   1 |  809.0 |
               +--------+--------+--------+--------+--------+-----+--------+

Top non-repeatable levels by time:
     D:4: 2078 daAuts
     D:6: 1718 daAuts
     D:5: 1501 daAuts
     D:3: 1308 daAuts
     D:1: 965 daAuts
 Ossuary: 809 daAuts
     D:2: 564 daAuts
     D:7: 57 daAuts
